 Dungeon Crawl Stone Soup version 0.21-a0-460-g737a915 (webtiles) character file.

45 rgaf the Bolt Thrower (level 3, -1/42 HPs)
             Began as a Formicid Hunter on Nov 20, 2017.
             Slain by a worker ant (4 damage)
             ... on level 2 of the Dungeon.
             The game lasted 00:01:31 (1617 turns).

rgaf the Bolt Thrower (Formicid Hunter)             Turns: 1617, Time: 00:01:31

Health: -1/42      AC: 21    Str: 16    XL:     3   Next: 90%
Magic:  3/3        EV:  2    Int: 10    God:
Gold:   29         SH:  0    Dex: 12    Spells: 2/2 levels left

rFire    . . .     SeeInvis .   a - +1 hand crossbow
rCold    . . .     Gourm    .   (no shield)
rNeg     + + +     Faith    .   (armour currently unavailable)
rPois    +         Spirit   .   (helmet unavailable)
rElec    .         Reflect  .   (cloak currently unavailable)
rCorr    .         Harm     .   (gloves currently unavailable)
MR       .....                  (boots currently unavailable)
Stlth    ++........             (no amulet)
HPRegen  0.14/turn              (no ring)
MPRegen  0.08/turn              (no ring)

@: lethally poisoned (-1 -> -10), tree-form, drained
A: permanent stasis, dig shafts and tunnels, four strong arms
a: no special abilities


You were on level 2 of the Dungeon.
You were not hungry.
You were a tree.
You visited 1 branch of the dungeon, and saw 2 of its levels.

You collected 29 gold pieces.

Inventory:

Hand Weapons
 a - a +1 hand crossbow (weapon)
 b - a +0 short sword
 g - a +0 spear of freezing
Missiles
 d - 15 bolts (quivered)
Armour
 c - a +0 leather armour (melded)
Scrolls
 e - a scroll of noise {unknown}
Comestibles
 f - 2 bread rations
 i - 4 chunks of flesh


   Skills:
 + Level 2.8(2.5) Fighting
 * Level 4.7(4.3) Crossbows
 + Level 1.4(1.1) Armour
 - Level 1.7(1.4) Dodging
 - Level 1.2(0.9) Stealth


You had 2 spell levels left.
You didn't know any spells.

Dungeon Overview and Level Annotations

Branches:
Dungeon (2/15)

Altars:


Innate Abilities, Weirdness & Mutations

You cannot be hasted, slowed, berserked, paralysed or teleported.
You can dig through walls and to a lower floor.
Your four strong arms can wield two-handed weapons with a shield.
((You have a pair of large antennae on your head. (SInv)))


Message History

It was a potion of lignification.
You turn into a tree.
Your +0 leather armour melds into your body.
Your roots penetrate the ground.
* * * LOW HITPOINT WARNING * * *
You feel sick.
The worker ant bites you but does no damage.
Firing (i - inventory):
d - 17 bolts (quivered)
Press: ? - help, Shift-Dir - straight line, f/p - worker ant
Aim: a worker ant (almost dead)
You shoot a bolt. The bolt barely misses the worker ant.
* * * LOW HITPOINT WARNING * * *
You feel sick.
The worker ant bites you but does no damage. x2
Firing (i - inventory):
d - 16 bolts (quivered)
Press: ? - help, Shift-Dir - straight line, f/p - worker ant
Aim: a worker ant (almost dead)
You shoot a bolt. The bolt barely misses the worker ant.
* * * LOW HITPOINT WARNING * * *
You feel sick. The worker ant bites you.
You die...

##.....## #.###
#.##.......## #.#.##
#.#.........###....#####
..'.........'...........
#.........###....#####
##.......## #.#.##
##.....## #.### ##..[##
#.# ##♣## #.# #a# #..
#.# ### #.# ... .(. ##.
.#


You could see a worker ant.

Vanquished Creatures
  An ooze (D:2)
  A worm (D:1)
  A leopard gecko (D:1)
  8 bats
  2 giant cockroaches
  5 goblins (D:1)
  4 hobgoblins
  6 kobolds
  A ball python (D:1)
  2 frilled lizards
  3 rats
34 creatures vanquished.

Notes
Turn   | Place    | Note
-------+----------+-------------------------------------------
     0 | D:1      | rgaf the Formicid Hunter began the quest for the Orb.
     0 | D:1      | Reached XP level 1. HP: 16/16 MP: 1/1
    37 | D:1      | Reached XP level 2. HP: 8/23 MP: 2/2
   363 | D:1      | Reached skill level 1 in Armour
   598 | D:1      | Reached XP level 3. HP: 28/28 MP: 3/3
  1617 | D:2      | Slain by a worker ant

Vault maps used:
D:1:      minmay_arrival_three_doors
D:2:      first_bread

Skill      XL: |  1  2 |
---------------+-------+-----
Armour         | 1 |  1.4
Fighting       | |  2.8
Crossbows      | |  4.7
Dodging        | |  1.7
Stealth        | |  1.2

Action                   || total
-------------------------++-------
Melee: Short sword       ||   104
       Spear             ||    14
 Fire: Hand crossbow     ||    11
  Use: Potion            ||     1
 Stab: Sleeping          ||     1
  Eat: Chunk             ||     2
Armor: Leather armour    ||    60
       Skin              ||     3
Dodge: Dodged            ||   108

Table legend:
 A = Spawn XP
 B = Non-spawn XP
 C = Spawn XP percentage of total XP
 D = Spawn monster count
 E = Non-spawn monster count
 F = Spawn count percentage of total count
 G = Total turns spent on level
                    A         B        C        D         E        F      G
               +---------+---------+-------+---------+---------+-------+---------
         Total |       0 |      65 |   0.0 |       0 |      34 |   0.0 |  1617
               +---------+---------+-------+---------+---------+-------+---------
           D:1 |       0 |      48 |   0.0 |       0 |      26 |   0.0 |  1323
           D:2 |       0 |      17 |   0.0 |       0 |       8 |   0.0 |   294
               +---------+---------+-------+---------+---------+-------+---------
